 Dungeon Crawl Stone Soup version 0.30.0-29-ga12c61a403 (webtiles) character file.

Game seed: 3222321969064793219

30227 qw the Cleaver (level 13, -2/83 HPs)
             Began as a Gargoyle Fighter on June 3, 2023.
             Was a Priest of Okawaru.
             Slain by a sphinx (7 damage)
             ... summoned by Kirke
             ... on level 4 of the Lair of Beasts.
             The game lasted 00:07:19 (12403 turns).

qw the Cleaver (Gargoyle Fighter)                  Turns: 12403, Time: 00:07:19

Health: -2/83      AC:  0    Str: 26    XL:     13   Next: 50%
Magic:  18/20      EV: 16    Int:  8    God:    Okawaru [***...]
Gold:   581        SH:  0    Dex:  9    Spells: 12/12 levels left

rFire   . . .        j - melded +6 war axe of Joetis {flame, rCorr}
rCold   . . .        c - melded +0 buckler
rNeg    + . .        v - melded +0 plate armour
rPois   inf          g - melded +0 helmet
rElec   .            t - melded +0 cloak
rCorr   .            q - melded +1 pair of gloves "Kaz Cosa" {rPois rF+ Will- SInv}
SInv    .            a - melded +0 pair of boots
Will    .....        y - amulet of regeneration
Stlth   +++          u - melded +6 ring of dexterity
HPRegen 1.13/turn    (ring currently unavailable)
MPRegen 0.17/turn

%: no passive effects
@: about to teleport, pig-form, heroic, slowed
A: fast, no casting, sickness immunity, AC +9, small, negative energy resistance
1, (electricity resistance), torment resistance 1, petrification resistance
a: Renounce Religion, Heroism


You were on level 4 of the Lair of Beasts.
You worshipped Okawaru.
Okawaru was most pleased with you.
You were a filthy swine.
You visited 2 branches of the dungeon, and saw 13 of its levels.
You also visited: Ossuary.

You collected 859 gold pieces.
You spent 278 gold pieces at shops.


Innate Abilities, Weirdness & Mutations

You are a filthy swine.
You move quickly.
Your equipment is almost entirely melded.
You are incapable of wielding weapons or throwing items.
You cannot cast spells.
You are immune to sickness and miasma.
((Your stone body is resilient. (AC +9)))
You are immune to poison.
You resist negative energy. (rN+)
((You are resistant to electric shocks. (rElec)))
You are resistant to unholy torment.
You are immune to petrification.


   Skills:
 + Level 10.5(15.5) Fighting
 - Level 14.0(19.0) Axes
 - Level 2.2(7.2) Throwing
 - Level 10.0(15.0) Armour
 - Level 3.0(8.0) Dodging
 - Level 7.0(12.0) Shields
 - Level 10.0 Invocations


You had 12 spell levels left.
You didn't know any spells.
Your spell library was empty.

Inventory:

Hand Weapons
 j - the +6 war axe of Joetis (melded) {flame, rCorr}
   (You found it on level 3 of the Dungeon)

   rCorr:     It protects you from acid and corrosion.
Missiles
 n - a boomerang (quivered)
Armour
 a - a +0 pair of boots (melded)
 b - a +0 pair of gloves
 c - a +0 buckler (melded)
 e - the +5 ring mail "Naan" {rC+ Int+2 Dex-2}
   (You found it on level 4 of the Dungeon)

   Int:       It affects your intelligence (+2).
   Dex:       It affects your dexterity (-2).
   rC:        It protects you from cold.
 g - a +0 helmet (melded)
 p - a scarf of invisibility
 q - the +1 pair of gloves "Kaz Cosa" (melded) {rPois rF+ Will- SInv}
   (Okawaru gifted it to you on level 2 of the Lair of Beasts)

   rF:        It protects you from fire.
   rPois:     It protects you from poison.
   SInv:      It lets you see invisible.
   Will:      It decreases your willpower.
 t - a +0 cloak (melded)
 v - a +0 plate armour (melded)
Jewellery
 u - a +6 ring of dexterity (melded)
 y - an amulet of regeneration (around neck)
Scrolls
 h - 13 scrolls of identify
 m - a scroll of teleportation
 s - 3 scrolls of enchant weapon
Potions
 d - 4 potions of might
 f - 3 potions of haste
 k - 2 potions of lignification
 l - 2 potions of attraction
 o - 8 potions of curing
 r - a potion of resistance
 w - a potion of mutation
 x - 2 potions of magic

Dungeon Overview and Level Annotations

Branches:
Dungeon (9/15)             Temple (0/1) D:7            Lair (4/5) D:9
 Shoals (0/4) Lair:3       Spider (0/4) Lair:3      Ossuary (visited)
  Slime: Lair:4-5       Orc: D:9-12

Altars:
Ashenzari
Cheibriados
Dithmenos
Fedhas
Hepliaklqana
Kikubaaqudgha
Makhleb
Okawaru
Ru
Trog
Uskayaw
Xom
Zin
The Shining One

Shops:
D:9 *

Annotations:
Lair:1 3 runed translucent doors, qw's ghost, journeyman GrFi
Lair:4 Kirke


Message History

You feel clumsy.
You barely miss Kirke.
Kirke is heavily wounded.
The yak completely misses you. Kirke hits you.
You barely miss Kirke.
Kirke is heavily wounded.
The yak gores you.
Kirke gestures wildly while chanting.
Kirke summons a sphinx!
You barely miss Kirke.
Kirke is heavily wounded.
You bite Kirke!
Kirke is heavily wounded.
The yak gores you!
Kirke points at you and mumbles some strange words.
You feel yourself slow down.
You hit Kirke but do no damage.
Kirke is heavily wounded.
The sphinx mumbles some strange words.
Something smites you! The yak closely misses you.
Kirke gestures at you while chanting.
You feel as though you will be slow longer.
The sphinx barely misses you. x2; The sphinx hits you.
You closely miss Kirke.
Kirke is heavily wounded.
You feel like a meek peon again. Kirke barely misses you.
The yak barely misses you. The sphinx barely misses you.
The sphinx completely misses you. The sphinx closely misses you.
12402 ||| INVOKING Heroism.
You gain the combat prowess of a mighty hero.
The yak gores you! Kirke hits you! The sphinx misses you.
The sphinx completely misses you. The sphinx hits you. Kirke hits you!
You hear an angry squeal.
12403 ||| READING 2 scrolls of teleportation.
As you read the scroll of teleportation, it crumbles to dust.
You feel strangely unstable.
You hear an angry squeal.
The sphinx hits you. The sphinx closely misses you. The sphinx hits you!
You die...

................. #
................# #.
.............%.## #h
#.......#....#(##
..###.....########..#
.h.Y....##.........
#.YB..........#...
##@Y...####..##... #.
#hYY...##.##..#... ..#
###H...............
#.P##~~.~..............
.....~.~..............
#.#.~~.~...########.##
# ##~~~~..## ####
##~....# ##.#### ###


You could see Kirke, a sphinx (summoned), a boulder beetle and 5 yaks.

Vanquished Creatures
  A catoblepas (D:9)
  Erica (Lair:1)
  A boulder beetle (Lair:3)
  A centaur warrior (D:9)
  A death yak (Lair:3)
  A fire crab (Lair:3)
  Pikel (D:9)
  A wolf spider (Lair:3)
  2 cyclopes (D:9)
  3 black mambas
  Joseph (D:9)
  8 cane toads
  2 rime drakes (Lair:2)
  8 komodo dragons
  Grinder (D:5)
  2 polar bears (Lair:3)
  Prince Ribbit (D:9)
  4 dream sheep (Lair:3)
  10 blink frogs
  A jumping spider (Lair:3)
  A slime creature (D:7)
  51 yaks
  2 basilisks
  2 hogs (Lair:4)
  7 wyverns
  2 steam dragons
  Grum (Lair:3)
  2 redbacks (Lair:3)
  2 vampire mosquitoes
  8 water moccasins
  3 black bears
  An ice beast (D:5)
  4 orc warriors (D:9)
  A hornet zombie (D:8)
  3 ogres
  6 wolves (Lair:1)
  2 centaurs (D:7)
  3 lemures (D:9)
  4 elf zombies (Ossuary)
  3 kobold brigands
  A gnoll sergeant (D:6)
  6 bullfrogs
  5 scorpions
  11 wights
  6 killer bees (D:9)
  A howler monkey (D:5)
  2 hounds (D:6)
  5 centaur zombies
  4 human zombies (Ossuary)
  5 orc priests
  A gnoll bouda (D:7)
  2 sleepcaps (D:6)
  8 iguanas
  3 orc wizards
  4 mummies
  2 howler monkey zombies (D:8)
  8 adders
  15 gnolls
  A shadow imp (D:5)
  A white imp (D:6)
  2 ufetubi
  3 dart slugs
  28 orcs
  8 ball pythons
  8 endoplasms
  2 giant cockroaches
  14 goblins
  17 hobgoblins
  3 jackals (D:1)
  38 kobolds
  5 quokkas
  3 bats
  4 frilled lizards
  12 rats
397 creatures vanquished.

Notes
Turn   | Place    | Note
-------+----------+-------------------------------------------
     0 | D:1      | qw the Gargoyle Fighter began the quest for the Orb.
     0 | D:1      | Reached XP level 1. HP: 14/14 MP: 1/1
     0 | D:1      | 0 ||| qw: Version: 0.2-a-103-g5a998e5
     0 | D:1      | 0 ||| qw: Game counter: 992
     0 | D:1      | 0 ||| qw: Always use a shield: true
     0 | D:1      | 0 ||| qw: God list: Okawaru
     0 | D:1      | 0 ||| qw: Allow faded altars: false
     0 | D:1      | 0 ||| qw: Do Orc after D:15 true
     0 | D:1      | 0 ||| qw: Do second Lair branch before Depths: true
     0 | D:1      | 0 ||| qw: Lair rune preference: random
     0 | D:1      | 0 ||| qw: Plans: Normal, Zot:1-4, Slime:5, God:TSO, Crypt,
                  | Tomb, Pan, Hells, Abyss, Win
     0 | D:1      | 0 ||| PLANNING D:1-11
    29 | D:1      | 29 ||| Stepping ~*~*~tactically~*~*~ (stealth).
    37 | D:1      | Reached skill level 2 in Axes
    42 | D:1      | Reached XP level 2. HP: 12/19 MP: 2/2
   247 | D:1      | Reached skill level 3 in Axes
   298 | D:1      | Reached XP level 3. HP: 23/23 MP: 3/3
   652 | D:1      | 652 ||| UPGRADING to +0 helmet.
   657 | D:1      | 657 ||| UPGRADING to +2 ring mail of cold resistance.
   667 | D:1      | 667 ||| DROPPING +0 scale mail.
   668 | D:1      | 668 ||| READING scroll labelled VERCHA QEAVOTUF.
   671 | D:1      | 671 ||| READING 4 scrolls labelled ELAMMIEJEELL.
   672 | D:1      | 672 ||| READING scroll labelled XEOSTR BUIMUNTAULE.
   673 | D:1      | 673 ||| READING 3 scrolls of identify.
   673 | D:1      | 673 ||| IDENTIFYING smoky red potion
   674 | D:1      | 674 ||| READING 2 scrolls of identify.
   674 | D:1      | 674 ||| IDENTIFYING ruby potion
   701 | D:2      | 701 ||| Stepping ~*~*~tactically~*~*~ (stealth).
   707 | D:2      | 707 ||| Stepping ~*~*~tactically~*~*~ (hiding).
   751 | D:2      | 751 ||| Stepping ~*~*~tactically~*~*~ (stealth).
   887 | D:2      | 887 ||| Stepping ~*~*~tactically~*~*~ (stealth).
   898 | D:2      | Reached XP level 4. HP: 26/28 MP: 4/4
  1028 | D:2      | Reached skill level 4 in Axes
  1360 | D:2      | 1360 ||| UPGRADING to +0 pair of boots.
  1365 | D:2      | 1365 ||| UPGRADING to +0 pair of gloves.
  1370 | D:2      | 1370 ||| READING scroll labelled XOR JOITREOWNEL.
  1371 | D:2      | 1371 ||| READING scroll labelled UCZYGU OSTATZ.
  1372 | D:2      | 1372 ||| READING scroll labelled VAILIERUHI.
  1373 | D:2      | 1373 ||| DRINKING 2 silvery potions.
  1478 | D:2      | 1478 ||| READING 2 scrolls of identify.
  1478 | D:2      | 1478 ||| IDENTIFYING puce potion
  1479 | D:2      | 1479 ||| DROPPING potion of berserk rage.
  1787 | D:3      | Identified the +6 war axe of Joetis {flame, rCorr}
  1804 | D:3      | 1804 ||| SWAPPING to +6 war axe of Joetis {flame, rCorr}.
  1805 | D:3      | 1805 ||| DROPPING +0 whip.
  1806 | D:3      | 1806 ||| DROPPING +0 war axe.
  2298 | D:3      | 2298 ||| UPGRADING to +0 chain mail.
  2308 | D:3      | 2308 ||| READING scroll labelled LIDOIS DYGOC.
  2309 | D:3      | 2309 ||| READING scroll labelled CEMUXKANTIE.
  2310 | D:3      | 2310 ||| DRINKING 2 green potions.
  2311 | D:3      | 2311 ||| READING 2 scrolls of identify.
  2311 | D:3      | 2311 ||| IDENTIFYING fizzy clear potion
  2312 | D:3      | 2312 ||| DROPPING potion of ambrosia.
  2351 | D:4      | Found a glowing golden altar of the Shining One.
  2410 | D:4      | Identified the +5 ring mail "Naan" {rC+ Int+2 Dex-2}
  2441 | D:4      | Found a burning altar of Makhleb.
  2471 | D:4      | Reached XP level 5. HP: 28/32 MP: 5/5
  2537 | D:4      | 2537 ||| Stepping ~*~*~tactically~*~*~ (stealth).
  2576 | D:4      | Reached skill level 5 in Axes
  2630 | D:4      | Found an ancient bone altar of Kikubaaqudgha.
  2686 | D:4      | 2686 ||| Stepping ~*~*~tactically~*~*~ (hiding).
  2742 | D:4      | Noticed a black bear
  2743 | D:4      | 2743 ||| Stepping ~*~*~tactically~*~*~ (stealth).
  2752 | D:4      | Killed a black bear
  2753 | D:4      | Reached XP level 6. HP: 39/39 MP: 6/6
  3100 | D:4      | Found a hide-covered altar of Uskayaw.
  3334 | D:4      | 3334 ||| UPGRADING to +5 ring mail "Naan" {rC+ Int+2
                  | Dex-2}.
  3344 | D:4      | 3344 ||| DROPPING +2 ring mail of cold resistance.
  3345 | D:4      | 3345 ||| READING scroll labelled RYRIOGR COUGUASMA.
  3346 | D:4      | 3346 ||| DRINKING 2 black potions.
  3347 | D:4      | 3347 ||| READING 5 scrolls of identify.
  3347 | D:4      | 3347 ||| IDENTIFYING clear potion
  3348 | D:4      | 3348 ||| DROPPING potion of flight.
  3376 | D:5      | Entered Level 5 of the Dungeon
  3414 | D:5      | 3414 ||| Stepping ~*~*~tactically~*~*~ (stealth).
  3433 | D:5      | 3433 ||| Stepping ~*~*~tactically~*~*~ (stealth).
  3446 | D:5      | 3446 ||| Stepping ~*~*~tactically~*~*~ (hiding).
  3450 | D:5      | Reached skill level 6 in Axes
  3450 | D:5      | Reached XP level 7. HP: 39/44 MP: 7/7
  3467 | D:5      | Reached skill level 1 in Dodging
  3548 | D:5      | Noticed Grinder
  3553 | D:5      | Killed Grinder
  3554 | D:5      | Reached skill level 7 in Axes
  3624 | D:5      | 3624 ||| Stepping ~*~*~tactically~*~*~ (stealth).
  3625 | D:5      | 3625 ||| Stepping ~*~*~tactically~*~*~ (stealth).
  3632 | D:5      | Reached skill level 1 in Throwing
  3632 | D:5      | Reached XP level 8. HP: 50/50 MP: 8/8
  3649 | D:5      | Found a snail-covered altar of Cheibriados.
  3800 | D:5      | Identified the +2 quarterstaff of Reit {flame, Int+6}
  4099 | D:5      | 4099 ||| UPGRADING to +0 cloak.
  4104 | D:5      | 4104 ||| READING scroll labelled TAIBOF MEAN.
  4105 | D:5      | 4105 ||| READING scroll labelled OHEYS ZOOTZ.
  4106 | D:5      | 4106 ||| READING scroll labelled ENLORR RECW.
  4107 | D:5      | 4107 ||| READING 4 scrolls of identify.
  4107 | D:5      | 4107 ||| IDENTIFYING fizzy green potion
  4108 | D:5      | 4108 ||| READING 3 scrolls of identify.
  4108 | D:5      | 4108 ||| IDENTIFYING fizzy red potion
  4154 | D:6      | 4154 ||| Stepping ~*~*~tactically~*~*~ (hiding).
  4233 | D:6      | Reached skill level 8 in Axes
  4234 | D:6      | Noticed a yak
  4234 | D:6      | Noticed a yak
  4234 | D:6      | Noticed a yak
  4235 | D:6      | 4235 ||| Stepping ~*~*~tactically~*~*~ (stealth).
  4235 | D:6      | Noticed a yak
  4235 | D:6      | Noticed a yak
  4236 | D:6      | 4236 ||| Stepping ~*~*~tactically~*~*~ (stealth).
  4238 | D:6      | Noticed a yak
  4239 | D:6      | 4239 ||| Stepping ~*~*~tactically~*~*~ (stealth).
  4245 | D:6      | Killed a yak
  4246 | D:6      | Reached skill level 6 in Fighting
  4248 | D:6      | Killed a yak
  4248 | D:6      | Killed a yak
  4252 | D:6      | HP: 8/51 [yak (11)]
  4253 | D:6      | 4253 ||| READING scroll of teleportation.
  4254 | D:6      | 4254 ||| DRINKING potion of heal wounds.
  4255 | D:6      | Killed a yak
  4256 | D:6      | Reached skill level 9 in Axes
  4256 | D:6      | Reached XP level 9. HP: 30/55 MP: 9/9
  4258 | D:6      | 4258 ||| Stepping ~*~*~tactically~*~*~ (stealth).
  4375 | D:6      | Found an iron altar of Okawaru.
  4376 | D:6      | 4376 ||| PLANNING OKAWARU WORSHIP
  4378 | D:6      | Became a worshipper of Warmaster Okawaru
  4378 | D:6      | 4378 ||| PLANNING D:1-11
  4799 | D:6      | 4799 ||| Stepping ~*~*~tactically~*~*~ (stealth).
  4800 | D:6      | 4800 ||| Stepping ~*~*~tactically~*~*~ (stealth).
  4803 | D:6      | 4803 ||| Stepping ~*~*~tactically~*~*~ (stealth).
  4916 | D:6      | Found a shimmering altar of Xom.
  4923 | D:6      | Found a shadowy altar of Dithmenos.
  4931 | D:6      | Found a bloodstained altar of Trog.
  5387 | D:7      | 5387 ||| Stepping ~*~*~tactically~*~*~ (hiding).
  5398 | D:7      | Found a staircase to the Ecumenical Temple.
  5419 | D:7      | Reached * piety under Okawaru
  5446 | D:7      | Reached skill level 10 in Axes
  5446 | D:7      | Reached skill level 1 in Invocations
  5521 | D:7      | Found a blossoming altar of Fedhas.
  5523 | D:7      | 5523 ||| INVOKING Heroism.
  5749 | D:7      | 5749 ||| Stepping ~*~*~tactically~*~*~ (hiding).
  5751 | D:7      | 5751 ||| Stepping ~*~*~tactically~*~*~ (hiding).
  5753 | D:7      | 5753 ||| INVOKING Heroism.
  5755 | D:7      | 5755 ||| Stepping ~*~*~tactically~*~*~ (hiding).
  5802 | D:7      | Found a broken altar of Ashenzari.
  5914 | D:7      | 5914 ||| Stepping ~*~*~tactically~*~*~ (stealth).
  6152 | D:8      | 6152 ||| PLANNING OSSUARY
  6202 | D:8      | 6202 ||| Stepping ~*~*~tactically~*~*~ (stealth).
  6204 | D:8      | 6204 ||| Stepping ~*~*~tactically~*~*~ (hiding).
  6206 | D:8      | 6206 ||| Stepping ~*~*~tactically~*~*~ (hiding).
  6209 | D:8      | 6209 ||| INVOKING Heroism.
  6213 | D:8      | Reached XP level 10. HP: 63/63 MP: 9/12
  6216 | D:8      | Reached skill level 3 in Invocations
  6231 | D:8      | 6231 ||| FLEEEEING.
  6232 | D:8      | 6232 ||| FLEEEEING.
  6233 | D:8      | 6233 ||| Stepping ~*~*~tactically~*~*~ (hiding).
  6344 | D:8      | Found a sand-covered staircase.
  6357 | Ossuary  | Entered an ossuary
  6395 | Ossuary  | 6395 ||| Stepping ~*~*~tactically~*~*~ (stealth).
  6396 | Ossuary  | 6396 ||| Stepping ~*~*~tactically~*~*~ (stealth).
  6397 | Ossuary  | 6397 ||| Stepping ~*~*~tactically~*~*~ (stealth).
  6421 | Ossuary  | 6421 ||| FLEEEEING.
  6481 | Ossuary  | 6481 ||| Stepping ~*~*~tactically~*~*~ (stealth).
  6482 | Ossuary  | 6482 ||| Stepping ~*~*~tactically~*~*~ (stealth).
  6483 | Ossuary  | 6483 ||| Stepping ~*~*~tactically~*~*~ (stealth).
  6504 | Ossuary  | 6504 ||| Stepping ~*~*~tactically~*~*~ (stealth).
  6561 | Ossuary  | Reached ** piety under Okawaru
  6590 | Ossuary  | 6590 ||| READING scroll labelled FAYDER ORPHEI.
  6591 | Ossuary  | 6591 ||| DRINKING 2 fizzy yellow potions.
  6592 | Ossuary  | 6592 ||| READING 7 scrolls of identify.
  6592 | Ossuary  | 6592 ||| IDENTIFYING fizzy emerald potion
  6593 | Ossuary  | 6593 ||| DROPPING potion of degeneration.
  6594 | Ossuary  | 6594 ||| DROPPING potion of invisibility.
  6604 | D:8      | 6604 ||| PLANNING D:1-11
  6639 | D:8      | 6639 ||| Stepping ~*~*~tactically~*~*~ (stealth).
  6645 | D:8      | 6645 ||| Stepping ~*~*~tactically~*~*~ (hiding).
  6720 | D:8      | 6720 ||| Stepping ~*~*~tactically~*~*~ (stealth).
  6924 | D:8      | 6924 ||| INVOKING Heroism.
  6938 | D:8      | Reached skill level 11 in Axes
  6960 | D:8      | 6960 ||| FLEEEEING.
  6962 | D:8      | 6962 ||| FLEEEEING.
  6963 | D:8      | 6963 ||| FLEEEEING.
  6964 | D:8      | 6964 ||| FLEEEEING.
  6965 | D:8      | 6965 ||| FLEEEEING.
  6966 | D:8      | 6966 ||| FLEEEEING.
  6967 | D:8      | 6967 ||| FLEEEEING.
  6968 | D:8      | 6968 ||| FLEEEEING.
  6969 | D:8      | 6969 ||| FLEEEEING.
  6970 | D:8      | 6970 ||| FLEEEEING.
  6971 | D:8      | 6971 ||| FLEEEEING.
  6972 | D:8      | 6972 ||| FLEEEEING.
  6973 | D:8      | 6973 ||| FLEEEEING.
  6974 | D:8      | 6974 ||| FLEEEEING.
  6975 | D:8      | 6975 ||| FLEEEEING.
  6976 | D:8      | 6976 ||| FLEEEEING.
  6977 | D:8      | 6977 ||| FLEEEEING.
  6978 | D:8      | 6978 ||| FLEEEEING.
  6979 | D:8      | 6979 ||| FLEEEEING.
  6980 | D:8      | 6980 ||| FLEEEEING.
  6981 | D:8      | 6981 ||| FLEEEEING.
  6982 | D:8      | 6982 ||| FLEEEEING.
  6983 | D:8      | 6983 ||| FLEEEEING.
  6984 | D:8      | 6984 ||| FLEEEEING.
  6985 | D:8      | 6985 ||| FLEEEEING.
  7231 | D:8      | Found a hazy altar of Hepliaklqana.
  7467 | D:9      | Found a glowing silver altar of Zin.
  7576 | D:9      | 7576 ||| INVOKING Heroism.
  7599 | D:9      | 7599 ||| INVOKING Heroism.
  7633 | D:9      | Reached skill level 9 in Fighting
  7664 | D:9      | Found Muekhlaj's Assorted Antiques.
  7669 | D:9      | 7669 ||| BUYING 2 potions of curing (120 gold).
  7669 | D:9      | Bought 2 potions of curing for 120 gold pieces
  7669 | D:9      | 7669 ||| BUYING runed ring mail (140 gold).
  7669 | D:9      | Bought a runed ring mail for 140 gold pieces
  7669 | D:9      | 7669 ||| BUYING viscous dark potion (18 gold).
  7669 | D:9      | Bought a viscous dark potion for 18 gold pieces
  7687 | D:9      | Noticed Pikel
  7688 | D:9      | 7688 ||| Stepping ~*~*~tactically~*~*~ (hiding).
  7689 | D:9      | 7689 ||| Stepping ~*~*~tactically~*~*~ (hiding).
  7694 | D:9      | Killed Pikel
  7814 | D:9      | Noticed Joseph
  7815 | D:9      | 7815 ||| Stepping ~*~*~tactically~*~*~ (hiding).
  7830 | D:9      | 7830 ||| INVOKING Heroism.
  7835 | D:9      | Killed Joseph
  7991 | D:9      | Found a sacrificial altar of Ru.
  8006 | D:9      | Noticed Prince Ribbit
  8013 | D:9      | Killed Prince Ribbit
  8013 | D:9      | Reached *** piety under Okawaru
  8073 | D:9      | Reached XP level 11. HP: 59/71 MP: 14/14
  8244 | D:9      | 8244 ||| Stepping ~*~*~tactically~*~*~ (cloud).
  8246 | D:9      | 8246 ||| INVOKING Heroism.
  8331 | D:9      | 8331 ||| Stepping ~*~*~tactically~*~*~ (stealth).
  8337 | D:9      | 8337 ||| Stepping ~*~*~tactically~*~*~ (stealth).
  8345 | D:9      | Reached skill level 12 in Axes
  8347 | D:9      | 8347 ||| FLEEEEING.
  8348 | D:9      | 8348 ||| FLEEEEING.
  8349 | D:9      | 8349 ||| FLEEEEING.
  8350 | D:9      | 8350 ||| FLEEEEING.
  8351 | D:9      | 8351 ||| FLEEEEING.
  8352 | D:9      | 8352 ||| FLEEEEING.
  8353 | D:9      | 8353 ||| FLEEEEING.
  8354 | D:9      | 8354 ||| FLEEEEING.
  8355 | D:9      | 8355 ||| FLEEEEING.
  8356 | D:9      | 8356 ||| FLEEEEING.
  8357 | D:9      | 8357 ||| FLEEEEING.
  8358 | D:9      | 8358 ||| FLEEEEING.
  8359 | D:9      | 8359 ||| FLEEEEING.
  8360 | D:9      | 8360 ||| FLEEEEING.
  8361 | D:9      | 8361 ||| FLEEEEING.
  8362 | D:9      | 8362 ||| FLEEEEING.
  8363 | D:9      | 8363 ||| FLEEEEING.
  8364 | D:9      | 8364 ||| FLEEEEING.
  8365 | D:9      | 8365 ||| FLEEEEING.
  8366 | D:9      | 8366 ||| FLEEEEING.
  8448 | D:9      | Noticed a catoblepas
  8451 | D:9      | 8451 ||| INVOKING Heroism.
  8457 | D:9      | HP: 4/71 [catoblepas (16)]
  8458 | D:9      | 8458 ||| READING 2 scrolls of teleportation.
  8459 | D:9      | 8459 ||| DRINKING potion of heal wounds.
  8665 | D:9      | Found a staircase to the Lair.
  8666 | D:9      | 8666 ||| INVOKING Heroism.
  8702 | D:9      | Reached skill level 6 in Shields
  8714 | D:9      | 8714 ||| Stepping ~*~*~tactically~*~*~ (hiding).
  8717 | D:9      | 8717 ||| INVOKING Heroism.
  8720 | D:9      | Noticed a cyclops
  8723 | D:9      | 8723 ||| Stepping ~*~*~tactically~*~*~ (hiding).
  8733 | D:9      | Killed a cyclops
  8754 | D:9      | 8754 ||| INVOKING Heroism.
  8763 | D:9      | Noticed a cyclops
  8764 | D:9      | 8764 ||| Stepping ~*~*~tactically~*~*~ (hiding).
  8765 | D:9      | Noticed a centaur warrior
  8774 | D:9      | Killed a cyclops
  8775 | D:9      | 8775 ||| Stepping ~*~*~tactically~*~*~ (hiding).
  8776 | D:9      | 8776 ||| Stepping ~*~*~tactically~*~*~ (hiding).
  8777 | D:9      | 8777 ||| INVOKING Heroism.
  8786 | D:9      | Killed a centaur warrior
  8786 | D:9      | Reached **** piety under Okawaru
  8787 | D:9      | Reached skill level 6 in Armour
  9005 | D:9      | 9005 ||| Stepping ~*~*~tactically~*~*~ (stealth).
  9012 | D:9      | 9012 ||| Stepping ~*~*~tactically~*~*~ (hiding).
  9015 | D:9      | 9015 ||| INVOKING Heroism.
  9024 | D:9      | Killed a catoblepas
  9062 | D:9      | 9062 ||| PLANNING LAIR
  9062 | D:9      | 9062 ||| DROPPING +0 chain mail.
  9063 | D:9      | 9063 ||| UPGRADING to +0 plate armour.
  9073 | D:9      | 9073 ||| DROPPING +3 ring mail of willpower.
  9074 | D:9      | 9074 ||| UPGRADING to amulet of regeneration.
  9079 | D:9      | 9079 ||| UPGRADING to +6 ring of dexterity.
  9080 | D:9      | 9080 ||| DRINKING 2 viscous dark potions.
  9081 | D:9      | 9081 ||| READING 11 scrolls of identify.
  9081 | D:9      | 9081 ||| IDENTIFYING inky potion
  9082 | D:9      | 9082 ||| DROPPING potion of brilliance.
  9127 | Lair:1   | Entered Level 1 of the Lair of Beasts
  9130 | Lair:1   | 9130 ||| INVOKING Heroism.
  9140 | Lair:1   | Reached ***** piety under Okawaru
  9144 | Lair:1   | Reached skill level 6 in Invocations
  9144 | Lair:1   | 9144 ||| STAIRDANCE
  9146 | D:9      | 9146 ||| INVOKING Heroism.
  9153 | D:9      | Reached XP level 12. HP: 54/77 MP: 12/16
  9252 | Lair:1   | Noticed an eight-headed hydra
  9252 | Lair:1   | Noticed Erica
  9275 | Lair:1   | Killed Erica
  9307 | Lair:1   | Noticed a five-headed hydra
  9307 | Lair:1   | Noticed qw's ghost (journeyman GrFi)
  9308 | Lair:1   | Found a runed translucent gate.
  9308 | Lair:1   | Found a runed translucent gate.
  9324 | Lair:1   | 9324 ||| INVOKING Heroism.
  9379 | Lair:1   | 9379 ||| INVOKING Heroism.
  9560 | Lair:1   | 9560 ||| INVOKING Heroism.
  9615 | Lair:1   | Found a runed translucent gate.
 10175 | Lair:2   | Reached skill level 9 in Armour
 10339 | Lair:2   | 10339 ||| INVOKING Heroism.
 10351 | Lair:2   | Reached skill level 3 in Dodging
 10442 | Lair:2   | 10442 ||| INVOKING Heroism.
 10478 | Lair:2   | 10478 ||| Stepping ~*~*~tactically~*~*~ (stealth).
 10487 | Lair:2   | 10487 ||| INVOKING Heroism.
 10493 | Lair:2   | Reached skill level 9 in Invocations
 10564 | Lair:2   | 10564 ||| Stepping ~*~*~tactically~*~*~ (hiding).
 10629 | Lair:2   | Identified the +1 pair of gloves "Kaz Cosa" {rPois rF+
                  | Will- SInv} (Okawaru gifted it to you on level 2 of the
                  | Lair of Beasts)
 10629 | Lair:2   | Received a gift from Okawaru
 10630 | Lair:2   | 10630 ||| Stepping ~*~*~tactically~*~*~ (stealth).
 10662 | Lair:2   | 10662 ||| Stepping ~*~*~tactically~*~*~ (stealth).
 10670 | Lair:2   | 10670 ||| Stepping ~*~*~tactically~*~*~ (stealth).
 10700 | Lair:2   | 10700 ||| Stepping ~*~*~tactically~*~*~ (hiding).
 10721 | Lair:2   | 10721 ||| Stepping ~*~*~tactically~*~*~ (stealth).
 10871 | Lair:2   | 10871 ||| Stepping ~*~*~tactically~*~*~ (stealth).
 10872 | Lair:2   | 10872 ||| Stepping ~*~*~tactically~*~*~ (stealth).
 10881 | Lair:2   | 10881 ||| INVOKING Heroism.
 10884 | Lair:2   | Reached skill level 13 in Axes
 11145 | Lair:2   | 11145 ||| UPGRADING to +1 pair of gloves "Kaz Cosa" {rPois
                  | rF+ Will- SInv}.
 11155 | Lair:2   | 11155 ||| READING scroll labelled ENEFFI YTRUM.
 11156 | Lair:2   | 11156 ||| READING 12 scrolls of identify.
 11156 | Lair:2   | 11156 ||| IDENTIFYING yellow potion
 11209 | Lair:3   | Reached XP level 13. HP: 77/82 MP: 20/20
 11245 | Lair:3   | 11245 ||| INVOKING Heroism.
 11323 | Lair:3   | Noticed Grum
 11324 | Lair:3   | 11324 ||| INVOKING Heroism.
 11325 | Lair:3   | 11325 ||| INVOKING Finesse.
 11346 | Lair:3   | Killed Grum
 11470 | Lair:3   | Found a staircase to the Shoals.
 11501 | Lair:3   | 11501 ||| INVOKING Heroism.
 11502 | Lair:3   | 11502 ||| INVOKING Finesse.
 11553 | Lair:3   | 11553 ||| INVOKING Heroism.
 11601 | Lair:3   | 11601 ||| INVOKING Heroism.
 11773 | Lair:3   | 11773 ||| INVOKING Heroism.
 11812 | Lair:3   | 11812 ||| Stepping ~*~*~tactically~*~*~ (hiding).
 11824 | Lair:3   | 11824 ||| INVOKING Heroism.
 11826 | Lair:3   | Reached skill level 14 in Axes
 11837 | Lair:3   | 11837 ||| Stepping ~*~*~tactically~*~*~ (stealth).
 11950 | Lair:3   | 11950 ||| INVOKING Heroism.
 12118 | Lair:3   | 12118 ||| INVOKING Heroism.
 12138 | Lair:3   | Found a hole to the Spider Nest.
 12287 | Lair:4   | 12287 ||| INVOKING Heroism.
 12297 | Lair:4   | Received a gift from Okawaru
 12379 | Lair:4   | 12379 ||| Stepping ~*~*~tactically~*~*~ (stealth).
 12385 | Lair:4   | Noticed Kirke
 12386 | Lair:4   | 12386 ||| INVOKING Heroism.
 12390 | Lair:4   | 12390 ||| DRINKING 2 potions of cancellation.
 12392 | Lair:4   | 12392 ||| DRINKING potion of cancellation.
 12398 | Lair:4   | Noticed a sphinx
 12402 | Lair:4   | 12402 ||| INVOKING Heroism.
 12402 | Lair:4   | HP: 7/83 [Kirke (15)]
 12403 | Lair:4   | 12403 ||| READING 2 scrolls of teleportation.
 12403 | Lair:4   | Slain by a sphinx

Levels and vault maps discovered:
D:1:      dpeg_arrival_fog, layout_rooms
D:2:      layout_loops_ring, minmay_curled_crystal, minmay_between
D:3:      layout_basic
D:4:      layout_basic, lemuel_doored_altar, nicolae_overflow_crystal_walls,
          overflow_temple_1_default, mainiacjoe_overflow_boulevard,
          hangedman_abyss_or_decor_slice, minmay_misc_feat_secret_circle,
          kennysheep_big_empty_room, st_stairs_4, minmay_misc_feat_rows,
          mrwooster_statue_mirror, amcnicky_mini_rare_corridor_liquid
D:5:      layout_loops_ring, mainiacjoe_overflow_tiny_flanked, uniq_grinder
D:6:      corexii_shantytown, layout_basic, kennysheep_mini_moat,
          minmay_overflow_temple_star_quad, hex_intersection,
          hangedman_decor_lopped
D:7:      layout_basic, ashenzari_conservatory_becter, kennysheep_mini,
          minmay_temple_entry_ruins, kb_rosetta
D:8:      layout_loops_ring, nzn_hepliaklqana_mist_gate, serial_undead,
          serial_undead_c, serial_undead_f, serial_undead_d, serial_undead_c,
          gup_ossuary_entry_pyramid, chequers_serial_rivers_small_b
D:9:      minmay_chambers_of_sevens, layout_basic,
          nicolae_ru_sacrificial_ziggurat, zin_treasury,
          grunt_lair_entry_orc_guard_hut, serial_shops,
          nicolae_shop_hallway_plus, uniq_joseph, uniq_pikel,
          uniq_prince_ribbit1
Lair:1:   layout_small_grid, gammafunk_ghost_split, st_stairs_3,
          patterned_corridor, lemuel_fruit_fields, uniq_erica
Lair:2:   layout_cave_pods
Lair:3:   beargit_carnivore_pack, layout_regular_city, elwin_shoals_entry_rocks,
          spider_nest_entry_funnel_web, dreamdust_mushroom_princess,
          hangedman_lair_generics_rect
Lair:4:   layout_regular_city, enter_volcano_4, serial_rivers,
          chequers_serial_rivers_room_a, chequers_serial_rivers_micro_d,
          chequers_serial_rivers_micro_c, chequers_serial_rivers_micro_e,
          chequers_serial_rivers_large_a, uniq_kirke

Skill      XL: |  1  2  3  4  5  6  7  8  9 10 11 12 13 |
---------------+----------------------------------------+-----
Axes           | 2 3 4 5 6 7 9 10 11 12 13 14 | 14.0
Fighting       | 4 5 6 7 9 10 | 10.5
Dodging        | 1 2 3 |  3.0
Throwing       | 1 2 |  2.2
Shields        | 5 6 7 |  7.0
Armour         | 4 5 7 9 10 | 10.0
Invocations    | 2 4 6 10 | 10.0

Action                     |  1- 3 |  4- 6 |  7- 9 | 10-12 | 13-15 || total
---------------------------+-------+-------+-------+-------+-------++-------
  Melee: War axe           |   107 |   101 |   216 |   507 |   144 ||  1075
         Unarmed           |       |       |       |       |     6 ||     6
  Throw: Boomerang         |       |    18 |     6 |    92 |    46 ||   162
 Invoke: Heroism           |       |       |     3 |    20 |    12 ||    35
         Finesse           |       |       |       |       |     2 ||     2
    Use: Scroll            |     5 |     9 |     6 |     6 |     1 ||    27
         Potion            |       |     3 |     1 |     3 |     2 ||     9
 Armour: Scale mail        |    25 |       |       |       |       ||    25
         Ring mail         |    21 |    29 |    87 |   121 |       ||   258
         Chain mail        |       |    17 |       |       |       ||    17
         Plate armour      |       |       |       |   104 |    55 ||   159
  Dodge: Dodged            |    40 |    36 |    82 |   156 |    47 ||   361
  Block: Buckler           |    19 |     7 |    32 |   103 |    23 ||   184

Table legend:
 A = Non-vault XP
 B = Vault XP
 C = Vault XP percentage of total XP
 D = Non-vault monster count
 E = Vault monster count
 F = Vault count percentage of total count
                 A         B        C        D         E       F
            +---------+---------+-------+---------+---------+-------
      Total |   29619 |   13563 |  31.4 |     280 |     114 |  28.9
            +---------+---------+-------+---------+---------+-------
        D:1 |      53 |       0 |   0.0 |      32 |       0 |   0.0
        D:2 |      45 |      10 |  18.2 |      14 |       7 |  33.3
        D:3 |      30 |       0 |   0.0 |      11 |       0 |   0.0
        D:4 |     401 |      10 |   2.4 |      16 |       2 |  11.1
        D:5 |     670 |     272 |  28.9 |      14 |       1 |   6.7
        D:6 |    1909 |      99 |   4.9 |      27 |      36 |  57.1
        D:7 |     397 |     628 |  61.3 |      17 |       4 |  19.0
        D:8 |     396 |     814 |  67.3 |      30 |      13 |  30.2
        D:9 |    4129 |    5596 |  57.5 |      29 |      22 |  43.1
     Lair:1 |    5138 |    1394 |  21.3 |      26 |       3 |  10.3
     Lair:2 |    9197 |       0 |   0.0 |      39 |       0 |   0.0
     Lair:3 |    5930 |    3587 |  37.7 |      20 |       9 |  31.0
     Lair:4 |    1324 |     381 |  22.3 |       5 |       2 |  28.6
    Ossuary |       0 |     772 | 100.0 |       0 |      15 | 100.0
            +---------+---------+-------+---------+---------+-------
